 Dungeon Crawl Stone Soup version 0.26-a0-1132-ge9770dfcb6 (webtiles) character file.

Game seed: 5373918383702443330

3803 sahdkjhfkaj the Covert (level 10, 0/96 HPs)
             Began as a Naga Wanderer on Dec 20, 2020.
             Succumbed to Maken's ghost's poison
             ... on level 4 of the Dungeon.
             The game lasted 00:37:36 (14105 turns).

sahdkjhfkaj the Covert (Naga Wanderer)             Turns: 14105, Time: 00:37:36

Health: 0/96       AC: 14    Str: 18    XL:     10   Next: 17%
Magic:  17/17      EV:  8    Int: 13    God:
Gold:   195        SH:  0    Dex: 10    Spells: 11/18 levels left

rFire    . . .     SeeInvis +   a - +2 hand axe
rCold    . . .     Faith    .   (no shield)
rNeg     . . .     Spirit   .   w - +0 ring mail
rPois    +         Reflect  .   s - +1 helmet
rElec    .         Harm     .   m - +0 cloak
rCorr    .         Rampage  .   (no gloves)
Will     ++...                  (no barding)
Stlth    ++++......             (no amulet)
HPRegen  0.26/turn              y - +4 ring of protection
MPRegen  0.15/turn              i - ring of willpower

@: lethally poisoned (0 -> -36), short of breath, very slow
A: large, see invisible, deformed body, poison resistance, slowness 2, spit
poison 1, AC +3
a: Spit Poison


You were on level 4 of the Dungeon.
You visited 1 branch of the dungeon, and saw 9 of its levels.
You also visited: Sewer.

You collected 251 gold pieces.
You spent 56 gold pieces at shops.

Inventory:

Hand Weapons
 a - a +2 hand axe (weapon)
 b - a +0 hand axe of flaming
Missiles
 c - 4 boomerangs of dispersal
 q - 8 javelins
Armour
 m - a +0 cloak (worn)
 s - a +1 helmet (worn)
 w - a +0 ring mail (worn)
Jewellery
 d - an uncursed ring of fire
 i - a ring of willpower (right hand)
 u - an uncursed amulet of guardian spirit {unknown}
 v - a +6 ring of strength
 y - a +4 ring of protection (left hand)
Wands
 f - a wand of flame (10)
 o - a wand of enslavement (10)
 C - a wand of polymorph (10)
 D - a wand of random effects (3)
Scrolls
 e - a scroll of fear {unknown}
 g - a scroll of magic mapping {unknown}
 n - a scroll of enchant weapon {unknown}
 p - 2 scrolls of remove curse
 r - a scroll of fog {unknown}
 z - a scroll of teleportation {!r}
Potions
 h - 2 potions of mutation
 j - a potion of attraction {unknown}
 k - 5 potions of might
 l - a potion of degeneration {unknown}
 t - a potion of magic {unknown}
 x - 2 potions of flight
 A - a potion of haste {unknown}
 B - a potion of berserk rage {unknown}


   Skills:
 - Level 8.3 Fighting
 - Level 4.0 Axes
 - Level 1.0 Throwing
 - Level 4.1 Armour
 - Level 10.5 Stealth
 + Level 4.7 Spellcasting
 - Level 3.0 Transmutations
 - Level 3.0 Fire Magic
 + Level 6.9 Poison Magic


You had 11 spell levels left.
You knew the following spells:

 Your Spells              Type           Power        Failure   Level
C - Olgreb's Toxic Radia  Pois           21%          19%         4
D - Ignite Poison         Fire/Tmut/Pois 14%          17%         3

Your spell library contained the following spells:

 Spells                   Type           Power        Failure   Level
 Sting                    Tmut/Pois      60%          4%          1
 Poisonous Vapours        Pois/Air       24%          12%         2
 Mephitic Cloud           Conj/Pois/Air  9%           36%         3


Dungeon Overview and Level Annotations

Branches:
Dungeon (9/15)              Sewer (visited)
 Temple: D:4-7         Lair: D:8-11         Orc: D:9-12

Altars:
Ashenzari
Cheibriados
Gozag
Hepliaklqana
Makhleb
Qazlal
Ru
Trog
Uskayaw
Vehumet
Yredelemnul

Shops:
D:8 *


Innate Abilities, Weirdness & Mutations

You cannot wear boots.
Your serpentine skin is tough. (AC +3)
You have supernaturally acute eyesight. (SInv)
Armour fits poorly on your strangely shaped body.
Your system is resistant to poisons. (rPois)
You cover ground very slowly.
You can spit poison.


Message History

Maken's ghost hits you but does no damage.
You are more poisoned.
Unknown command.
Press: ? - help, Q - select action, (/) - cycle Shift-Dir - straight line, f/p - Maken's ghost
Aim: Maken's ghost, wielding a weapon of venom (almost destroyed)
The splash of poison hits Maken's ghost.
Maken's ghost completely resists.
Maken's ghost is almost destroyed.
* * * LOW HITPOINT WARNING * * *
You feel sick. Maken's ghost hits you.
* * * LOW HITPOINT WARNING * * *
You are more poisoned.
Unknown command.
Evoke which item? (* to show all) (? for menu, Esc to quit)
Aiming: Throw Flame
Press: ? - help, Shift-Dir - straight line, f/p - Maken's ghost
Aim: Maken's ghost, wielding a weapon of venom (almost destroyed, 32% to evade)
The puff of flame hits Maken's ghost.
You destroy Maken's ghost!
You die...

# ####.####.####......>...#
#....###...####.##....#..
#....##.....##..##....#..
##...<##.........#.....##.
###......#.........#........
##.....#...................##
##.!#...#...................#.
###...##......##...#######(.....
#......>......<@...#.....#......
#...#....#....†....#(...(##.....
##.......#.........'..(..#..####
#(.....##.....##..'....(#...
##.##.......#.....'.8...# #.
?......##.....#...(.# . #
........#$.....#(..(.# ..
#.........##....#######.. #...
#...............


There were no monsters in sight!

Vanquished Creatures
  Pikel (D:4)
  The ghost of Maken the Magician, an amateur GnWn of Gozag (D:4)
  Menkaure (D:4)
  A water moccasin (D:8)
  Purgy (Sewer)
  An ice beast (D:8)
  4 orc warriors
  A phantom (D:6)
  3 ogres
  3 centaurs
  4 lemures (D:4)
  3 bullfrogs
  A water moccasin zombie (D:5)
  A wyvern skeleton (D:8)
  3 scorpions
  11 killer bees (D:8)
  3 wights
  2 howler monkeys
  A bullfrog zombie (D:6)
  2 hounds
  A bullfrog skeleton (D:8)
  A centaur skeleton (D:7)
  3 orc priests
  8 orc wizards
  Natasha (thrice) (D:3)
  4 worker ants
  A mummy (D:8)
  A worker ant zombie (D:8)
  8 adders
  A howler monkey skeleton (D:5)
  2 shadow imps
  5 ufetubi
  3 oozes
  An adder skeleton (D:6)
  A worm (D:2)
  A dart slug (D:1)
  13 leopard geckos
  20 orcs
  5 giant cockroaches
  11 goblins
  7 hobgoblins
  3 jackals
  A quokka (D:2)
  12 bats
  9 frilled lizards
  A jackal skeleton (D:4)
  A jackal zombie (D:8)
  9 kobolds
  2 rats
  A spectral orc (D:6)
187 creatures vanquished.

Vanquished Creatures (others)
  3 fungi (D:5)
  2 plants (D:5)
5 creatures vanquished.

Grand Total: 192 creatures vanquished

Notes
Turn   | Place    | Note
-------+----------+-------------------------------------------
     0 | D:1      | sahdkjhfkaj the Naga Wanderer began the quest for the Orb.
     0 | D:1      | sahdkjhfkaj set off with the following items: a +2 hand
                  | axe, a +0 ring mail, a scroll of teleportation {!r}
     0 | D:1      | Reached XP level 1. HP: 19/19 MP: 1/1
    68 | D:1      | Reached skill level 2 in Stealth
    75 | D:1      | Reached XP level 2. HP: 25/26 MP: 2/2
   262 | D:1      | Reached skill level 3 in Stealth
   351 | D:1      | Reached XP level 3. HP: 32/32 MP: 3/3
   679 | D:1      | Reached skill level 4 in Stealth
   853 | D:1      | Gained mutation: You are weak. (Str -2) [potion of
                  | mutation]
   853 | D:1      | Lost mutation: You are weak. (Str -2) [potion of mutation]
  1241 | D:2      | Reached skill level 5 in Stealth
  1392 | D:2      | Reached XP level 4. HP: 40/40 MP: 4/4
  1875 | D:3      | Noticed Natasha
  1994 | D:3      | Found a hide-covered altar of Uskayaw.
  2000 | D:3      | Found an opulent altar of Gozag.
  2002 | D:3      | Found a sacrificial altar of Ru.
  2370 | D:3      | Reached XP level 5. HP: 50/50 MP: 5/5
  2427 | D:3      | Found a radiant altar of Vehumet.
  2754 | D:4      | Found a runed translucent gate.
  2754 | D:4      | Found a runed translucent gate.
  2754 | D:4      | Found a runed translucent gate.
  2756 | D:4      | Noticed Maken's ghost (amateur GnWn)
  3134 | D:4      | Noticed a centaur
  3146 | D:4      | Killed a centaur
  3147 | D:4      | Reached skill level 5 in Fighting
  3147 | D:4      | Reached XP level 6. HP: 53/61 MP: 6/6
  3167 | D:4      | Noticed Menkaure
  3175 | D:4      | Killed Menkaure
  3176 | D:4      | Reached skill level 7 in Stealth
  3206 | D:4      | Reached XP level 7. HP: 67/67 MP: 7/7
  3221 | D:5      | Entered Level 5 of the Dungeon
  3390 | D:4      | Reached skill level 8 in Stealth
  3412 | D:4      | Noticed Pikel
  3733 | D:3      | Killed Natasha
  3889 | D:3      | Noticed Natasha
  3905 | D:3      | Killed Natasha
  5178 | D:3      | Noticed Natasha
  5188 | D:3      | Killed Natasha
  5189 | D:3      | Reached skill level 9 in Stealth
  5306 | D:3      | Found a radiant altar of Vehumet.
  5482 | D:3      | Found a hide-covered altar of Uskayaw.
  5483 | D:3      | Found a sacrificial altar of Ru.
  5483 | D:3      | Found an opulent altar of Gozag.
  6335 | D:5      | You fall into a shaft and drop 1 floor!
  6392 | D:6      | Reached XP level 8. HP: 65/77 MP: 8/8
  6858 | D:6      | Found a glowing drain.
  6881 | Sewer    | Entered a sewer
  6967 | Sewer    | Noticed Purgy
  6982 | Sewer    | Killed Purgy
  7175 | D:6      | Reached skill level 10 in Stealth
  7440 | D:6      | Found a basalt altar of Yredelemnul.
  8231 | D:7      | Found a bloodstained altar of Trog.
  8530 | D:7      | Found a hazy altar of Hepliaklqana.
  8578 | D:7      | Reached XP level 9. HP: 36/88 MP: 9/9
  8929 | D:7      | Learned a level 3 spell: Ignite Poison
  8934 | D:7      | Learned a level 4 spell: Olgreb's Toxic Radiance
  9913 | D:7      | Reached skill level 1 in Poison Magic
 10209 | D:7      | Reached skill level 1 in Transmutations
 10298 | D:7      | Reached skill level 1 in Spellcasting
 10298 | D:7      | Reached skill level 1 in Fire Magic
 10506 | D:7      | Found a burning altar of Makhleb.
 10509 | D:7      | Found a stormy altar of Qazlal.
 10512 | D:7      | Found a broken altar of Ashenzari.
 11926 | D:8      | Got a vibrating golden ring
 12317 | D:8      | Identified the cursed ring of Makhleb's Reproof {rElec rN+
                  | Str-3 Slay-4 SInv} (You found it on level 8 of the Dungeon)
 12548 | D:8      | Found Sauqedd's Assorted Antiques.
 12556 | D:8      | Bought a scroll labelled QIONATASOFE for 28 gold pieces
 12556 | D:8      | Bought a scroll labelled YDOGROI RUODER for 28 gold pieces
 12681 | D:8      | Reached skill level 5 in Poison Magic
 12686 | D:8      | Reached XP level 10. HP: 6/96 MP: 2/15
 13369 | D:8      | Found a snail-covered altar of Cheibriados.
 13908 | D:4      | Killed Pikel
 14104 | D:4      | HP: 3/96 [Maken's ghost (5)]
 14105 | D:4      | Killed Maken's ghost
 14105 | D:4      | Succumbed to Maken's ghost's poison

Illustrated notes

Levels and vault maps discovered:
D:1:      dpeg_arrival_rooms_a, layout_loops_ring, minmay_misc_feat_alley
D:2:      layout_loops_corners
D:3:      layout_basic, general_overflow_altar, grunt_temple_overflow_open,
          grunt_decor_cap, uniq_natasha
D:4:      layout_cave_pools, temple_hall, ebering_ghost_rock_garden, uniq_pikel,
          uniq_menkaure
D:5:      layout_basic, okawaru_gym_becter, serial_aquarium,
          aquarium_bridge_long_joined [aquarium_subvault_wall,
          aquarium_subvault_balcony, aquarium_subvault_bridge,
          aquarium_subvault_wall, aquarium_subvault_bridge,
          aquarium_subvault_wall], aquarium_window_fake, aquarium_window_1,
          aquarium_window_corridor_1, aquarium_view_2a, aquarium_view_2g,
          kennysheep_flooded_box, minivault_5, sigmund_edmund_badplayer
D:6:      layout_basic, yredelemnul_forgotten_temple_becter,
          portal_sewer_entry_f
D:7:      layout_basic, minitemple, lemuel_round_altar, bloody_trog
D:8:      layout_basic, slow_altar_2, serial_shops, shop
D:9:      layout_roguey, elyvilon_altar_5, david_orc_5

Skill      XL: |  1  2  3  4  5  6  7  8  9 10 |
---------------+-------------------------------+-----
Stealth        | 2 3 5 7 9 10 | 10.5
Fighting       | 3 5 6 8 |  8.3
Axes           | 4 |  4.0
Poison Magic   | 5 6 |  6.9
Transmutations | 3 |  3.0
Spellcasting   | 3 4 |  4.7
Fire Magic     | 3 |  3.0
Throwing       | |  1.0
Armour         | |  4.1

Action                   |  1- 3 |  4- 6 |  7- 9 | 10-12 || total
-------------------------+-------+-------+-------+-------++-------
Melee: Hand axe          |    49 |    60 |   489 |    89 ||   687
Throw: Javelin           |     1 |     3 |     6 |       ||    10
 Cast: Olgreb's Toxic Ra |       |       |     3 |     9 ||    12
       Ignite Poison     |       |       |     2 |       ||     2
 Abil: Spit Poison       |    30 |    29 |    51 |     2 ||   112
Evoke: Wand              |       |     4 |     6 |     8 ||    18
  Use: Potion            |     1 |       |     7 |       ||     8
       Scroll            |       |     6 |    10 |       ||    16
 Stab: Sleeping          |     1 |       |     5 |       ||     6
       Paralysed         |       |     5 |     6 |       ||    11
       Distracted        |       |       |     2 |       ||     2
Armor: Ring mail         |    31 |    18 |    30 |    70 ||   149
       Scale mail        |       |     5 |   352 |       ||   357
Dodge: Dodged            |    25 |    20 |   255 |    40 ||   340

Table legend: (Time is in decaauts)
 A = Elapsed time spent in this place.
 B = Non-inter-level travel time spent in this place.
 C = Inter-level travel time spent in this place.
 D = Time resting spent in this place.
 E = Time spent auto-exploring this place.
 F = Levels seen in this place.
 G = Mean time per level.
                   A        B        C        D        E       F      G
               +--------+--------+--------+--------+--------+-----+--------+
         Total |  16253 |  15550 |    703 |   5341 |   7650 |  10 | 1625.3 |
       Dungeon |  15897 |  15194 |    703 |   5341 |   7492 |   9 | 1766.3 |
         Sewer |    355 |    355 |      0 |      0 |    158 |   1 |  355.0 |
               +--------+--------+--------+--------+--------+-----+--------+

Top non-repeatable levels by time:
     D:3: 3881 daAuts
     D:7: 3397 daAuts
     D:8: 2514 daAuts
     D:6: 2016 daAuts
     D:2: 1404 daAuts
     D:1: 1075 daAuts
     D:5: 862 daAuts
     D:4: 743 daAuts
   Sewer: 355 daAuts
     D:9: 1 daAuts
